 Seeded DCSS version 0.31.0-11-ge490571c62 (webtiles) character file.

Game seed: 1199980653827765208 (custom seed)

9 CInkIbrahim the Ruffian (level 2, 21/21 HPs)
             Began as a Demonspawn Shapeshifter on Jan 29, 2024.
             Quit the game on level 1 of the Dungeon.
             The game lasted 00:00:26 (349 turns).

CInkIbrahim the Ruffian (Demonspawn Shapeshifter)    Turns: 349, Time: 00:00:27

Health: 21/21      AC:  2    Str: 14    XL:     2   Next: 3%
Magic:  2/2        EV: 12    Int: 10    God:
Gold:   46         SH:  0    Dex: 12    Spells: 1/1 levels left

rFire   . .          .
                       - Unarmed
rCold   . . .        (no shield)
rNeg    . . .        a - +0 animal skin
rPois   .            (helmet currently unavailable)
rElec   .            (cloak currently unavailable)
rCorr   .            (gloves currently unavailable)
SInv    .            (boots currently unavailable)
Will    .....        (no amulet)
Stlth   +            (no ring)
HPRegen 0.23/turn    (no ring)
MPRegen 0.08/turn

%: no passive effects
@: beast-form
A: beast (slay +1), powered by death 1
a: Begin Untransformation


You were on level 1 of the Dungeon.
You were a hulking beast.
You visited 1 branch of the dungeon, and saw 1 of its levels.

You collected 46 gold pieces.

Inventory:

Armour
 a - a +0 animal skin (worn)
Jewellery
 g - an amulet of magic regeneration
Talismans
 c - a beast talisman
 d - a flux talisman
Scrolls
 e - a scroll of teleportation {unknown}
 f - a scroll of amnesia {unknown}
Potions
 b - a potion of lignification


   Skills:
 - Level 1.0 Fighting
 - Level 1.7 Dodging
 + Level 3.2 Unarmed Combat
 - Level 2.6 Shapeshifting


You had one spell level left.
You didn't know any spells.
Your spell library contained the following spells:

 Spells                   Type           Power      Damage    Failure   Level
 Lesser Beckoning         Tloc           0%         N/A       50%         2
 Gell's Gravitas          Tloc           0%         N/A       75%         3
 Teleport Other           Tloc           0%         N/A       75%         3


Dungeon Overview and Level Annotations

Branches:
Dungeon (1/15)

Altars:


Innate Abilities, Weirdness & Mutations

You are a hulking beast.
Your limbs bulge with bestial killing power. (Slay +1)
You regenerate a little health from kills.


Message History

A bat is nearby!
Found a faded altar of an unknown god.
The bat hits you but does no damage.
A bat is nearby!
You miss the bat. The bat closely misses you. x2
A bat is nearby!
You closely miss the bat. The bat barely misses you.
A bat is nearby!
You hit the bat.
You kill the bat!
You have reached level 2!
Your demonic ancestry asserts itself...
A wave of death washes over you.
You pick up a book of Displacement and begin reading...
You add the spells Lesser Beckoning, Gell's Gravitas and Teleport Other to your library.
No target in view!
You now have 31 gold pieces (gained 18).
You now have 46 gold pieces (gained 15).
Found a robe.
No target in view!
Found a mace.
No target in view!
Found a leather armour.
No target in view!
A ball python comes into view.
The ball python hisses angrily.
You see here an amulet of magic regeneration.
A ball python is nearby!
You hit the ball python.
The ball python is severely wounded.
The ball python closely misses you. The ball python grabs you.
The ball python constricts you.
A ball python is nearby!
You hit the ball python.
You kill the ball python!
g - an amulet of magic regeneration You see here a ball python corpse.
There is a faded altar of an unknown god here.
This altar belongs to (a) Makhleb, (b) Sif Muna or (c) Ru, but you can't tell which.
Press the corresponding letter to learn more about a god, or press enter to convert or escape to cancel.
Okay, then.
Are you sure you want to abandon this character and quit the game? (Confirm with "yes".)

#. #....# #. . #.## #....# #. .
... ## #..###....###. ..###.##
#.#########†...........
........###P...#.P..###.....###.
...[. #P..P...#..P...P#....# #.
##).##...P.P.#.......##...# #.
..#PP.......#PP..P....#..###.
#.#P..P.P..Ph.....P.P.#......
#.#†...P....#.....PP..#..####
#..##.......#PPP....##...#
#.###...P..P#P.P....#....####
#.###.##.###.P..#....###.........
............#########............
#.###.#############.#####..######
#..........................#
#####.#############.#####..######


There were no monsters in sight!

Vanquished Creatures
  A dart slug (D:1)
  2 ball pythons (D:1)
  2 hobgoblins (D:1)
  A bat (D:1)
  A rat (D:1)
7 creatures vanquished.

Notes
Turn   | Place    | Note
-------+----------+-------------------------------------------
     0 | D:1      | CInkIbrahim the Demonspawn Shapeshifter began the quest for
                  | the Orb.
     0 | D:1      | Reached XP level 1. HP: 15/15 MP: 1/1
   126 | D:1      | Reached skill level 3 in Unarmed Combat
   164 | D:1      | Found a faded altar of an unknown god.
   168 | D:1      | Gained mutation: You regenerate a little health from kills.
                  | [demonic ancestry]
   168 | D:1      | Reached XP level 2. HP: 21/21 MP: 2/2
   349 | D:1      | Quit the game

Illustrated notes

Levels and vault maps discovered:
D:1:      dpeg_arrival_line_fractal, layout_basic, shapermc_ecumenical_altar_gd

Skill      XL: |  1 |
---------------+----+-----
Unarmed Combat | 3 |  3.2
Fighting       | |  1.0
Dodging        | |  1.7
Shapeshifting  | |  2.6

Action                     || total
---------------------------++-------
  Melee: Unarmed           ||    21
 Armour: Animal skin       ||     8
  Dodge: Dodged            ||     8
